 Dungeon Crawl Stone Soup version 0.19.0-2-gae57169 (webtiles) character file.

3689 spe3d0 the Destroyer (level 9, -3/62 HPs)
             Began as a Pale Draconian Conjurer on Nov 5, 2016.
             Was a Believer of Vehumet.
             Slain by a killer bee (4 damage)
             ... on level 7 of the Dungeon.
             The game lasted 00:33:58 (12114 turns).

spe3d0 the Destroyer (Pale Draconian Conjurer)     Turns: 12114, Time: 00:33:58

Health: -3/62      AC:  8    Str: 11    XL:     9   Next: 90%
Magic:  3/19       EV: 12    Int: 18    God:    Vehumet [**....]
Gold:   376        SH:  0    Dex: 14    Spells: 4 memorised, 13 levels left

rFire  . . .     SeeInvis .     y - +2 dagger (speed)
rCold  . . .     Gourm    .     (armour unavailable)
rNeg   . . .     Faith    .     (no shield)
rPois  .         Spirit   .     (helmet restricted)
rElec  .         Reflect  .     (no cloak)
rCorr  .         Harm     .     (no gloves)
MR     .....                    H - +0 pair of boots
Stlth  +++.......               (no amulet)
                                X - +2 ring of dexterity
                                Q - ring of stealth

@: lethally poisoned (-3 -> -11), marked
A: breathe steam, unfitting armour, cold-blooded, AC +7
a: Breathe Steam, Renounce Religion


You were on level 7 of the Dungeon.
You worshipped Vehumet.
Vehumet was pleased with you.
You were not hungry.

You visited 2 branches of the dungeon, and saw 8 of its levels.

You collected 376 gold pieces.


Innate Abilities, Weirdness & Mutations

You can breathe blasts of scalding, opaque steam.
Your pale cyan-grey scales are hard. (AC +7)
You cannot fit into any form of body armour.
You are cold-blooded and may be slowed by cold attacks.


   Skills:
 - Level 1.7 Dodging
 - Level 2.2 Stealth
 * Level 7.2 Spellcasting
 * Level 9.0 Conjurations
 * Level 6.5 Charms
 - Level 5.0 Necromancy


You had 13 spell levels left.
You knew the following spells:

 Your Spells              Type           Power        Failure   Level  Hunger
k - Iskenderun's Battles  Conj/Chrm      ####....     14%         5    #####..
n - Animate Skeleton      Necr           N/A          1%          1    None
y - Searing Ray           Conj           #####.       1%          2    None
z - Magic Dart            Conj           ####         1%          1    None

Inventory:

Hand Weapons
 i - a -1 dagger
 y - a +2 dagger of speed (weapon)
Missiles
 p - 5 curare-tipped needles {=f}
Armour
 H - a +0 pair of boots (worn)
 I - the +7 scale mail "Lytom" {rC+ rCorr, unknown}
   (You found it on level 7 of the Dungeon)

   It protects you from cold.
   It protects you from acid and corrosion.
Jewellery
 t - a cursed ring of teleportation
 L - an uncursed ring of flight
 Q - a ring of stealth (left hand)
 X - a +2 ring of dexterity (right hand)
Wands
 j - a wand of disintegration (7/24)
 x - a wand of polymorph (13/24)
 A - a wand of enslavement (12/24)
 C - a wand of disintegration (11/24)
 D - a wand of digging (17/24)
Scrolls
 c - 3 scrolls of enchant armour {unknown}
 f - 4 scrolls of identify {@r1}
 m - a scroll of enchant weapon {unknown}
 r - a scroll of fog
 s - 3 scrolls of remove curse {@r2}
 v - a scroll of immolation {unknown}
 E - a scroll of amnesia
 F - a scroll of recharging {unknown}
 J - a scroll of random uselessness {unknown}
Potions
 d - a potion of flight
 e - 3 potions of might {unknown}
 g - 2 potions of haste {unknown}
 h - 4 potions of curing {unknown}
 k - a potion of lignification {unknown}
 l - 2 potions of berserk rage {unknown}
 o - 2 potions of brilliance {unknown}
 q - a potion of degeneration {unknown}
 u - a potion of agility {unknown}
 G - a potion of mutation {unknown}
Books
 a - a book of Conjurations

   Spells                             Type                      Level
   a - Magic Dart                     Conjuration                  1
   b - Searing Ray                    Conjuration                  2
   c - Dazzling Spray                 Conjuration/Hexes            3
   d - Fulminant Prism                Conjuration/Hexes            4
   e - Iskenderun's Mystic Blast      Conjuration                  4
   f - Iskenderun's Battlesphere      Conjuration/Charms           5
 w - a book of Cantrips

   Spells                             Type                      Level
   a - Confusing Touch                Hexes                        1
   b - Animate Skeleton               Necromancy                   1
   c - Summon Small Mammal            Summoning                    1
   d - Apportation                    Translocation                1
Comestibles
 b - 3 bread rations {@e1}
 n - 3 slices of pizza {@e2}
 z - 7 meat rations {@e1}

Dungeon Overview and Level Annotations

Branches:
Dungeon (7/15)             Temple (1/1) D:5

Altars:
Cheibriados
Hepliaklqana
Kikubaaqudgha
Okawaru
Ru
Vehumet
Xom
Yredelemnul
Zin
The Shining One

.......<......).........#
#...
..................##....#
#...
................[.....#.#
#...
......c..............##.#
#...
.....##...(.......)..##.#
#... .....
#.....#.#....#....#####...
....
#.....#.######............
....
#.....#...#...............
...
#...§§###@#..#...........#
#...§§§yy?#..#...........#
#...§§o.o###.#..(#########
#....o##.# ..#...#
#....)##.#...#...#########
##...........#...........#
#...........#...........#
#...<....[..##..........#
#..........# #...........


You could see 2 killer bees and 3 orcs.


Message History

The killer bee stings you but does no damage.
The killer bee stings you.
* * * LOW HITPOINT WARNING * * *
The searing ray hits the killer bee.
You kill the killer bee!
Vehumet accepts your kill.
You feel your power returning.
* * * LOW HITPOINT WARNING * * *
You feel sick.
Unknown command.
Casting: Searing Ray
Confirm with . or Enter, or press ? or * to list all spells.
You don't have enough magic to cast that spell.
Okay, then.
Okay, then.
* * * LOW HITPOINT WARNING * * *
You feel sick.
The centaur wields a shortbow.
The centaur shoots an arrow.
The arrow hits you but does no damage. The killer bee misses you.
You see here an arrow.
* * * LOW HITPOINT WARNING * * *
You feel sick.
The orc seems to regain its courage.
The killer bee barely misses you. The orc closely misses you.
* * * LOW HITPOINT WARNING * * *
You feel sick. The killer bee misses you.
* * * LOW HITPOINT WARNING * * *
You feel sick. The killer bee misses you.
You see here a scroll of identify {@r1}.
* * * LOW HITPOINT WARNING * * *
You feel sick. The killer bee stings you.
You die...

Skill      XL: |  1  2  3  4  5  6  7  8  9 |
---------------+----------------------------+-----
Stealth        | 2 |  2.2
Spellcasting   | 3 4 5 6 7 |  7.2
Conjurations   | 5 6 7 9 |  9.0
Charms         | 1 2 3 4 6 |  6.5
Necromancy     | 2 4 5 |  5.0
Dodging        | |  1.7

Action                   |  1- 3 |  4- 6 |  7- 9 || total
-------------------------+-------+-------+-------++-------
Melee: Unarmed           |    79 |     5 |       ||    84
       Tailslap          |     6 |       |     1 ||     7
       Dagger            |       |       |     3 ||     3
 Cast: Magic Dart        |    89 |   111 |   209 ||   409
       Searing Ray       |     2 |    25 |    60 ||    87
       Animate Skeleton  |       |       |     1 ||     1
       Iskenderun's Batt |       |       |    10 ||    10
 Abil: Breathe Steam     |       |       |     4 ||     4
Evoke: Wand              |       |       |     4 ||     4
  Use: Scroll            |       |     8 |     4 ||    12
  Eat: Chunk             |     6 |     7 |    11 ||    24
       Bread ration      |       |     1 |     3 ||     4
Armor: Skin              |    33 |     7 |    55 ||    95
Dodge: Dodged            |    62 |    25 |   103 ||   190

Vault maps used:
D:1:      ncdulo_halloftheorcs
D:2:      overflow_temple_1_default, first_bread, uniq_terence
D:3:      uniq_iyjb
D:4:      kennysheep_big_flooded_room
D:5:      grunt_temple_overflow_open, uniq_blork_the_orc, uniq_pikel
D:6:      marbit_many_paths, lemuel_doored_altar, kennysheep_mini,
          minmay_ogre_servants
D:7:      uniq_duvessa
Temple:   nicolae_temple_figure_eight

Notes
Turn   | Place    | Note
-------+----------+-------------------------------------------
     0 | D:1      | spe3d0 the Draconian Conjurer began the quest for the Orb.
     0 | D:1      | Reached XP level 1. HP: 14/14 MP: 3/3
   286 | D:1      | Reached skill level 2 in Stealth
   510 | D:1      | Reached XP level 2. HP: 13/20 MP: 0/5
  1267 | D:1      | Reached XP level 3. HP: 26/26 MP: 3/6
  2146 | D:2      | Found an ancient bone altar of Kikubaaqudgha.
  2373 | D:2      | Learned a level 2 spell: Searing Ray
  2554 | D:2      | Noticed Terence
  2612 | D:2      | Killed Terence
  2612 | D:2      | Reached skill level 3 in Spellcasting
  2612 | D:2      | Reached skill level 5 in Conjurations
  2612 | D:2      | Reached XP level 4. HP: 33/33 MP: 1/8
  3189 | D:2      | Reached XP level 5. HP: 16/38 MP: 0/10
  3719 | D:2      | Learned a level 5 spell: Iskenderun's Battlesphere
  4172 | D:3      | Reached skill level 1 in Charms
  4479 | D:3      | Noticed Ijyb
  4487 | D:3      | Killed Ijyb
  4487 | D:3      | Reached XP level 6. HP: 21/45 MP: 2/11
  4786 | D:3      | Reached skill level 4 in Spellcasting
  5558 | D:4      | Reached skill level 2 in Charms
  5852 | D:4      | Reached skill level 6 in Conjurations
  6001 | D:4      | Your scales start taking on a pale cyan-grey colour.
  6001 | D:4      | Reached XP level 7. HP: 12/50 MP: 1/13
  6464 | D:4      | Learned a level 1 spell: Animate Skeleton
  6717 | D:5      | Entered Level 5 of the Dungeon
  6858 | D:5      | Noticed Blork the orc
  6865 | D:5      | Killed Blork the orc
  6865 | D:5      | Reached skill level 3 in Charms
  6865 | D:5      | Reached skill level 1 in Necromancy
  6873 | D:5      | Noticed alphappy's ghost (amateur HaCK)
  7470 | D:4      | Reached skill level 5 in Spellcasting
  7522 | D:5      | Reached skill level 2 in Necromancy
  7562 | D:5      | Found a staircase to the Ecumenical Temple.
  7777 | Temple   | Entered the Ecumenical Temple
  7848 | Temple   | Became a worshipper of Vehumet
  7922 | D:5      | Killed alphappy's ghost
  7922 | D:5      | Reached skill level 7 in Conjurations
  7922 | D:5      | Reached XP level 8. HP: 57/57 MP: 3/15
  8072 | D:5      | Reached skill level 4 in Charms
  8316 | D:5      | Reached skill level 3 in Necromancy
  8376 | D:5      | Found a glowing golden altar of the Shining One.
  8389 | D:5      | Found a shimmering altar of Xom.
  8600 | D:5      | Noticed Pikel
  8727 | D:5      | Killed Pikel
  8727 | D:5      | Reached skill level 6 in Spellcasting
  8960 | D:6      | Reached skill level 4 in Necromancy
  9205 | D:6      | Reached XP level 9. HP: 49/62 MP: 7/18
  9216 | D:6      | Found a hazy altar of Hepliaklqana.
  9225 | D:6      | Reached skill level 5 in Charms
  9226 | D:6      | Reached * piety under Vehumet
  9226 | D:6      | Offered knowledge of Freeze by Vehumet.
  9371 | D:6      | Found a sacrificial altar of Ru.
  9492 | D:6      | Reached skill level 8 in Conjurations
  9868 | D:6      | Found a basalt altar of Yredelemnul.
 10954 | D:7      | Noticed Dowan
 10958 | D:7      | Noticed Duvessa
 10962 | D:7      | Reached skill level 5 in Necromancy
 10968 | D:7      | Killed Duvessa
 10978 | D:7      | Killed Dowan
 10978 | D:7      | Reached skill level 6 in Charms
 11250 | D:7      | Reached skill level 7 in Spellcasting
 11423 | D:7      | Offered knowledge of Sting by Vehumet.
 11435 | D:7      | HP: 5/62 [something/magic dart (4)]
 11488 | D:6      | Reached ** piety under Vehumet
 11971 | D:7      | Got a jacinth-encrusted scale mail
 12104 | D:7      | Reached skill level 9 in Conjurations
 12109 | D:7      | HP: 5/62 [poisoned by a killer bee]
 12113 | D:7      | HP: 2/62 [poisoned by a killer bee]
 12114 | D:7      | Slain by a killer bee

Vanquished Creatures
  Pikel (D:5)
  The ghost of alphappy the Cutter, an amateur HaCK of Ru (D:5)
  Duvessa (D:7)
  2 water moccasins (D:7)
  An orc warrior (D:5)
  An ice beast (D:4)
  A slave (D:5)
  2 ogres
  Blork the orc (D:5)
  2 bullfrogs (D:7)
  Dowan (D:7)
  2 scorpions (D:5)
  3 killer bees (D:7)
  13 wights
  2 howler monkeys
  5 crimson imps
  A centaur zombie (D:6)
  A bullfrog zombie (D:6)
  2 hounds
  6 orc priests
  A jelly (D:6)
  9 orc wizards
  2 bullfrog skeletons
  4 worker ants
  An iguana (D:6)
  Ijyb (D:3)
  Terence (D:2)
  3 hound skeletons
  7 gnolls
  10 adders
  3 oozes
  2 worms
  5 dart slugs
  3 leopard geckos
  27 orcs
  8 giant cockroaches
  13 goblins
  10 hobgoblins
  7 jackals
  10 kobolds
  6 quokkas
  2 ball pythons
  A ball python zombie (D:5)
  5 bats
  8 frilled lizards
  A giant cockroach zombie (D:5)
  2 jackal skeletons
  A quokka skeleton (D:5)
  9 rats
211 creatures vanquished.

Vanquished Creatures (others)
  An orc (D:6)
1 creature vanquished.

Grand Total: 212 creatures vanquished
